 Dungeon Crawl Stone Soup version 0.30-a0-557-ge2afbf3030 (webtiles) character file.

Game seed: 6251619177717610238

101 sokol815 the Sneak (level 5, -15/32 HPs)
             Began as a Kobold Delver on Dec 27, 2022.
             Killed by an exploding orc (29 damage)
             ... ignited by their inner flame
             ... on level 4 of the Dungeon.
             The game lasted 00:01:58 (321 turns).

sokol815 the Sneak (Kobold Delver)                   Turns: 321, Time: 00:01:59

Health: -15/32     AC:  6    Str: 10    XL:     5   Next: 4%
Magic:  5/5        EV: 11    Int: 11    God:
Gold:   55         SH:  0    Dex: 18    Spells: 4/4 levels left

rFire   . . .      SeeInvis .    a - +0 short sword
rCold   . . .      Faith    .    (no shield)
rNeg    . . .      Spirit   .    f - +0 scale mail
rPois   .          Reflect  .    (no helmet)
rElec   .          Harm     .    (no cloak)
rCorr   .          Rampage  .    (no gloves)
Will    .....                    (no boots)
Stlth   +++                      (no amulet)
HPRegen 0.25/turn                (no ring)
MPRegen 0.09/turn                (no ring)

@: no status effects
A: small, no large weapons, nightstalker 3
a: no special abilities


You were on level 4 of the Dungeon.
You visited 1 branch of the dungeon, and saw 3 of its levels.

You collected 55 gold pieces.

Inventory:

Hand Weapons
 a - a +0 short sword (weapon)
Missiles
 s - 5 stones (quivered)
Armour
 b - a +0 leather armour
 e - a +0 ring mail
   (You took it off an orc on level 4 of the Dungeon)
 f - a +0 scale mail (worn)
   (You took it off an orc on level 4 of the Dungeon)
Wands
 d - a wand of digging (3)
Scrolls
 c - a scroll of fog
 E - a scroll of fear


   Skills:
 - Level 3.2 Fighting
 + Level 6.4 Short Blades
 - Level 2.4 Dodging
 - Level 6.6 Stealth


You had 4 spell levels left.
You didn't know any spells.
Your spell library was empty.

Dungeon Overview and Level Annotations

Branches:
Dungeon (6/15) Zot: 17714
 Temple: D:4-7

Altars:


Innate Abilities, Weirdness & Mutations

You are small and have problems with some larger weapons.
You are completely attuned to the shadows.


Message History

You hit the necrophage. The necrophage hits you.
You feel drained.
You take 1 damage, and have 17/21 hp.
You closely miss the necrophage.
The necrophage hits you but does no damage.
Unknown command.
Unknown command.
You hit the necrophage. You hit the necrophage.
The necrophage hits you but does no damage.
Unknown command.
Unknown command.
You barely miss the necrophage. The necrophage hits you.
You take 3 damage, and have 14/21 hp.
You hit the necrophage but do no damage.
The necrophage closely misses you.
Unknown command.
Unknown command.
You closely miss the necrophage.
Unknown command.
You hit the necrophage. The necrophage closely misses you.
Unknown command.
You hit the necrophage. The necrophage hits you.
You take 3 damage, and have 11/21 hp.
Unknown command.
You hit the necrophage but do no damage.
The necrophage hits you but does no damage.
Unknown command.
You hit the necrophage. You closely miss the necrophage.
The necrophage hits you but does no damage.
Unknown command.
Unknown command.
You hit the necrophage. The necrophage hits you.
You feel drained.
* * * LOW HITPOINT WARNING * * *
You take 6 damage, and have 6/20 hp.
MASSIVE DAMAGE!!
Unknown command.
You hit the necrophage.
You destroy the necrophage!
Your life force feels restored.
Your Short Blades skill increases to level 6!
You have reached level 4!
You have reached level 5!
You feel stronger.
You regained 3 hp, and now have 9/32 hp.
MP restored: 5
g - a scroll labelled HUTAUD BYEMPA You now have 55 gold pieces (gained 10).
A goblin comes into view. It is wielding a +0 dagger.
The helpless goblin fails to defend itself.
You spit the goblin like a pig!!!
You kill the goblin!
You see here a +0 dagger.
An orc comes into view. It is wielding a +1 vampiric whip.
You see here 6 stones.
An orc is nearby!
You start resting.
Health restored: 32 The orc shouts!
You hear a shout!
An orc comes into view. It is wielding a +0 trident.
You see here 6 stones.
An orc comes into view. It is wielding a +0 dagger.
The orc moves out of view.
An orc comes into view. It is wielding a +0 club.
The orc shouts!
You hit the orc but do no damage.
You hear a shout! x2
The orc hits you with a +1 vampiric whip.
You take 2 damage, and have 30/32 hp.
You closely miss the orc.
The orc hits you from afar with a +0 trident!
The orc closely misses you.
You take 6 damage, and have 24/32 hp.
You hit the orc but do no damage. You hit the orc but do no damage.
The orc barely misses you.
The orc hits you with a +1 vampiric whip.
You take 2 damage, and have 22/32 hp.
You hit the orc. The orc hits you but does no damage.
The orc closely misses you.
You hit the orc but do no damage. You hit the orc but do no damage.
The orc hits you from afar with a +0 trident.
The orc hits you with a +1 vampiric whip.
The orc draws strength from your wounds!
You take 9 damage, and have 13/32 hp.
MASSIVE DAMAGE!!
Okay, then.
As you read the scroll labelled HUTAUD BYEMPA, it crumbles to dust.
The creatures around you are filled with an inner flame!
It was a scroll of immolation.
The orc barely misses you.
You hit the orc but do no damage. The orc closely misses you.
You barely miss the orc. You hit the orc.
Flame seeps out of the orc.
The orc is engulfed in blazing flames.
The orc explodes!
The fiery explosion engulfs the orc!!!
The fiery explosion engulfs you!!
Ouch! That really hurt!
You die...

*,*,,,,,,,,,,* *,*
*,***,******** *,* *,*,,,,,*
*,** *,*,,,,,********** *,,*
*,*,,,,,,,,,,,o..# **,*
*<*,,,,,,******#o# *,*
,,,,,,,,,** #§# ****,*
***,,,**..#* #○# *,,,,*
*,*,*,**#..##* #@# *.#***
*,*,,,***....###(# #.#
,,,***,,,,#.#....# #.#
,*,*,*,*,,#..#########.####*
*,*,**,,,,#................*
,*,*,,***,##...)..####.###,*
*,*,*,,,*,*######.# #.# *,*
,*,*,,***,* #.# #.# *,*
*,*,**,,,,* #.# #.# *,*


You could see an orc (inner flame).

Vanquished Creatures
  A necrophage (D:4)
  An orc priest (D:4)
  A shadow imp (D:5)
  5 orcs (D:4)
  A goblin (D:4)
  A ball python (D:4)
10 creatures vanquished.

Notes
Turn   | Place    | Note
-------+----------+-------------------------------------------
     0 | D:5      | sokol815 the Kobold Delver began the quest for the Orb.
     0 | D:5      | Reached XP level 1. HP: 14/14 MP: 1/1
    33 | D:5      | Noticed an iguana
    33 | D:5      | Noticed a wyvern
    58 | D:5      | Noticed a jelly
    68 | D:6      | Noticed a scorpion
    79 | D:5      | Reached skill level 3 in Short Blades
    79 | D:5      | Reached XP level 2. HP: 19/19 MP: 2/2
    87 | D:4      | Reached skill level 5 in Short Blades
    87 | D:4      | Reached XP level 3. HP: 23/23 MP: 3/3
   113 | D:4      | HP: 4/23 [orc/+0 flail (8)]
   118 | D:4      | HP: 4/23 [orc/+0 flail (9)]
   152 | D:4      | Noticed a black bear
   183 | D:4      | Noticed a necrophage
   216 | D:4      | Killed a necrophage
   217 | D:4      | Reached skill level 6 in Short Blades
   217 | D:4      | Reached XP level 4. HP: 8/28 MP: 4/4
   217 | D:4      | Reached XP level 5. HP: 9/32 MP: 5/5
   321 | D:4      | Killed by an exploding orc... ignited by their inner flame

Illustrated notes

Levels and vault maps discovered:
D:4:      layout_loops_ring, lemuel_coloured_pillars_altar, minmay_starry_boxes
D:5:      nicolae_cairo_tiling_large, layout_rooms, mainiacjoe_overflow_paths,
          serial_demonic, serial_demonic_a, serial_demonic_a, serial_demonic_d,
          serial_demonic_c, nicolae_wooded_promenade, lightli_corner_chamber
D:6:      cheibrodos_iron_armory, layout_loops_ring,
          nicolae_kikubaaqudgha_miasma_corner, uniq_blork_the_orc

Skill      XL: |  1  2  3 |
---------------+----------+-----
Short Blades   | 3 5 6 |  6.4
Fighting       | |  3.2
Dodging        | |  2.4
Stealth        | |  6.6

Action                   |  1- 3 |  4- 6 || total
-------------------------+-------+-------++-------
Melee: Short sword       |    49 |    11 ||    60
  Use: Potion            |     2 |       ||     2
       Scroll            |     1 |     1 ||     2
 Stab: Sleeping          |     2 |     1 ||     3
Armor: Scale mail        |     8 |     1 ||     9
       Leather armour    |     1 |       ||     1
Dodge: Dodged            |    26 |     5 ||    31

Table legend: (Time is in decaauts)
 A = Elapsed time spent in this place.
 B = Non-inter-level travel time spent in this place.
 C = Inter-level travel time spent in this place.
 D = Time resting spent in this place.
 E = Time spent auto-exploring this place.
 F = Levels seen in this place.
 G = Mean time per level.
                   A        B        C        D        E       F      G
               +--------+--------+--------+--------+--------+-----+--------+
         Total |    285 |    285 |      0 |     51 |     57 |   3 |   95.0 |
       Dungeon |    285 |    285 |      0 |     51 |     57 |   3 |   95.0 |
               +--------+--------+--------+--------+--------+-----+--------+

Top non-repeatable levels by time:
     D:4: 200 daAuts
     D:5: 78 daAuts
     D:6: 5 daAuts

Table legend:
 A = Kills in this place as a percentage of kills in entire the game.
 B = Kills by you in this place as a percentage of kills by you in the entire game.
 C = Kills by friends in this place as a percentage of kills by friends in the entire game.
 D = Other kills in this place as a percentage of other kills in the entire game.
 E = Experience gained in this place as a percentage of experience gained in the entire game.
 F = Experience gained in this place divided by the number of levels of this place that you have seen.
                   A       B       C       D       E      F
               +-------+-------+-------+-------+-------+----------------------
         Total | 100.0 | 100.0 |   N/A |   N/A | 100.0 |  50.3
       Dungeon | 100.0 | 100.0 |   N/A |   N/A | 100.0 |  50.3
               +-------+-------+-------+-------+-------+----------------------
